ORI
UNIVERSITY OF VIRGINIA CAVALIERS @ UNIVERSITY OF FLORIDA GATORS
11/10/2049
 
TOP OF THE 1ST
University of Virginia Cavaliers batting - Pitching for University of Georgia Bulldogs : RHP Rich Gold
Pitching: RHP Rich Gold
Batting: RHB Luke Bertrand 0-0: Ball
1-0: Foul Ball, location: 2F
1-1: Ball
2-1: Ball
3-1: Called Strike
3-2: Strikes out swinging
Batting: RHB Jason Thresher 0-0: Ground out 5-3 (Groundball, 56S, EV 90.6 MPH)
Batting: LHB Ray Nichter 0-0: Swinging Strike
0-1: Ball
1-1: Called Strike
1-2: Strikes out swinging, 2-3 out at first.
Top of the 1st over - 0 runs, 0 hits, 0 errors, 0 left on base; University of Virginia 0 - University of Georgia 0
BOTTOM OF THE 1ST
University of Georgia Bulldogs batting - Pitching for University of Virginia Cavaliers : RHP Arturo Vargas
Pitching: RHP Arturo Vargas
Batting: RHB Nate McCormick 0-0: Ball
1-0: SINGLE (Groundball, 6D, EV 100.6 MPH)
Batting: LHB Dennis Klein 0-0: Swinging Strike
0-1: Ball
1-1: Called Strike
1-2: Ball
2-2: Foul Ball, location: 2F
2-2: Foul Ball, location: 2F
2-2: Strikes out swinging
Batting: RHB Charlie Davison 0-0: Called Strike
0-1: Ball
1-1: Ball
Nate McCormick steals 2nd base
2-1: Fly out, F9 (Line Drive, 9, EV 100.0 MPH)
Batting: RHB Rodolfo Solis 0-0: Ball
1-0: SINGLE (Line Drive, 34, EV 96.9 MPH)
Nate McCormick to third
Batting: LHB Casey Bass 0-0: Called Strike
0-1: Foul Ball, location: 2F
0-2: Strikes out looking
Bottom of the 1st over - 0 runs, 2 hits, 0 errors, 2 left on base; University of Virginia 0 - University of Georgia 0
TOP OF THE 2ND
University of Virginia Cavaliers batting - Pitching for University of Georgia Bulldogs : RHP Rich Gold
Batting: LHB Alex Aguilar 0-0: Ball
1-0: Called Strike
1-1: Ball
2-1: Foul Ball, location: 2F
2-2: Fly out, F7 (Line Drive, 7S, EV 93.1 MPH)
Batting: RHB Jason Lambert 0-0: Called Strike
0-1: Ball
1-1: Ball
2-1: Foul Ball, location: 2F
2-2: Strikes out looking
Batting: LHB Josh Glass 0-0: Called Strike
0-1: Ball
1-1: Foul Ball, location: 2F
1-2: Ground out 6-3 (Groundball, 6, EV 106.9 MPH)
Top of the 2nd over - 0 runs, 0 hits, 0 errors, 0 left on base; University of Virginia 0 - University of Georgia 0
BOTTOM OF THE 2ND
University of Georgia Bulldogs batting - Pitching for University of Virginia Cavaliers : RHP Arturo Vargas
Batting: LHB Andy Dyer 0-0: Ball
1-0: Called Strike
1-1: Called Strike
1-2: Strikes out swinging
Batting: LHB Luis Mejia 0-0: Ball
1-0: Fly out, F8 (Flyball, 8RXD, EV 88.8 MPH)
Batting: RHB Albert Rodriguez 0-0: Ball
1-0: Ball
2-0: Called Strike
2-1: Ground out 3-1 (Groundball, 34, EV 83.8 MPH)
Bottom of the 2nd over - 0 runs, 0 hits, 0 errors, 0 left on base; University of Virginia 0 - University of Georgia 0
TOP OF THE 3RD
University of Virginia Cavaliers batting - Pitching for University of Georgia Bulldogs : RHP Rich Gold
Batting: RHB Jose Velez 0-0: Called Strike
0-1: Ball
1-1: Swinging Strike
1-2: Foul Ball, location: 2F
1-2: Strikes out swinging
Batting: RHB Rob Coble 0-0: Swinging Strike
0-1: Foul Ball, location: 2F
0-2: Foul Ball, location: 2F
0-2: Strikes out looking
Batting: RHB Allen McCaskill 0-0: Foul Ball, location: 2F
0-1: Ball
1-1: Foul Ball, location: 2F
1-2: Strikes out swinging
Top of the 3rd over - 0 runs, 0 hits, 0 errors, 0 left on base; University of Virginia 0 - University of Georgia 0
BOTTOM OF THE 3RD
University of Georgia Bulldogs batting - Pitching for University of Virginia Cavaliers : RHP Arturo Vargas
Batting: LHB Edwin Zavala 0-0: Ball
1-0: Ball
2-0: Called Strike
2-1: Swinging Strike
2-2: Ball
3-2: Fly out, F7 (Flyball, 7, EV 82.5 MPH)
Batting: RHB Nate McCormick 0-0: Called Strike
0-1: Fly out, F3 (Popup, 3L, EV 79.4 MPH)
Batting: LHB Dennis Klein 0-0: Foul Ball, location: 2F
0-1: Foul Ball, location: 2F
0-2: Foul Ball, location: 2F
0-2: Ball
1-2: SINGLE (Line Drive, 56, EV 101.9 MPH)
Batting: RHB Charlie Davison 0-0: Called Strike
0-1: Called Strike
0-2: Ground out 6-3 (Groundball, 6S, EV 67.5 MPH)
Bottom of the 3rd over - 0 runs, 1 hit, 0 errors, 1 left on base; University of Virginia 0 - University of Georgia 0
TOP OF THE 4TH
University of Virginia Cavaliers batting - Pitching for University of Georgia Bulldogs : RHP Rich Gold
Batting: RHB Luke Bertrand 0-0: Ball
1-0: Ball
2-0: Foul Ball, location: 2F
2-1: Ball
3-1: Swinging Strike
3-2: Strikes out swinging
Batting: RHB Jason Thresher 0-0: Foul Ball, location: 2F
0-1: Called Strike
0-2: Strikes out swinging
Batting: LHB Ray Nichter 0-0: Swinging Strike
0-1: Called Strike
0-2: Foul Ball, location: 2F
0-2: Ball
1-2: Foul Ball, location: 2F
1-2: Ball
2-2: Ground out 6-3 (Groundball, 6, EV 88.8 MPH)
Top of the 4th over - 0 runs, 0 hits, 0 errors, 0 left on base; University of Virginia 0 - University of Georgia 0
BOTTOM OF THE 4TH
University of Georgia Bulldogs batting - Pitching for University of Virginia Cavaliers : RHP Arturo Vargas
Batting: RHB Rodolfo Solis 0-0: Called Strike
0-1: Foul Ball, location: 2F
0-2: Reached on error, E5 (Groundball, 5, EV 76.9 MPH)
Batting: LHB Casey Bass 0-0: Swinging Strike
0-1: Called Strike
0-2: Ball
1-2: Foul Ball, location: 2F
1-2: Foul Ball, location: 2F
1-2: SINGLE (Groundball, 4MD, EV 102.5 MPH)
Rodolfo Solis to second
Batting: LHB Andy Dyer 0-0: Called Strike
0-1: Fly out, F7 (Line Drive, 7S, EV 93.8 MPH)
Batting: LHB Luis Mejia 0-0: Called Strike
0-1: Foul Ball, location: 2F
0-2: Ball
1-2: Ball
2-2: Strikes out swinging
Batting: RHB Albert Rodriguez 0-0: Swinging Strike
0-1: Ball
1-1: Fielders Choice at 2nd, 6-4 (Groundball, 6, EV 80.6 MPH)
Bottom of the 4th over - 0 runs, 1 hit, 1 error, 2 left on base; University of Virginia 0 - University of Georgia 0
TOP OF THE 5TH
University of Virginia Cavaliers batting - Pitching for University of Georgia Bulldogs : RHP Rich Gold
Batting: LHB Alex Aguilar 0-0: Called Strike
0-1: Ball
1-1: Called Strike
1-2: Fly out, F8 (Line Drive, 8RS, EV 99.4 MPH)
Now in CF: Javier Alcorta
Batting: RHB Jason Lambert 0-0: Foul Ball, location: 2F
0-1: Ball
1-1: Ball
2-1: Called Strike
2-2: Strikes out looking
Batting: LHB Josh Glass 0-0: Ball
1-0: Called Strike
1-1: Ball
2-1: Called Strike
2-2: Foul Ball, location: 2F
2-2: Foul Ball, location: 2F
2-2: Ball
3-2: Foul Ball, location: 2F
3-2: Fly out, F9 (Flyball, 9, EV 81.9 MPH)
Top of the 5th over - 0 runs, 0 hits, 0 errors, 0 left on base; University of Virginia 0 - University of Georgia 0
BOTTOM OF THE 5TH
University of Georgia Bulldogs batting - Pitching for University of Virginia Cavaliers : RHP Arturo Vargas
Batting: RHB Javier Alcorta 0-0: Ball
1-0: Ball
2-0: Called Strike
2-1: Swinging Strike
2-2: Strikes out swinging
Batting: RHB Nate McCormick 0-0: Foul Ball, location: 2F
0-1: Ball
1-1: Fly out, F8 (Line Drive, 89D, EV 100.0 MPH)
Batting: LHB Dennis Klein 0-0: Ball
1-0: Ball
2-0: SINGLE (Flyball, 9LS, EV 95.0 MPH)
Batting: RHB Charlie Davison 0-0: Called Strike
0-1: DOUBLE (Line Drive, 78D, EV 105.0 MPH)
Dennis Klein to third
Runner from 3rd tries for Home, SAFE, no throw by LF
Pitching: RHP Tommy Koerner
Batting: RHB Rodolfo Solis 0-0: Ball
1-0: Ball
2-0: Ball
3-0: Base on Balls
Batting: LHB Casey Bass 0-0: Ball
Passed Ball!
Charlie Davison to third
Rodolfo Solis to second
1-0: Foul Ball, location: 2F
1-1: Foul Ball, location: 2F
1-2: Ball
2-2: Ball
3-2: SINGLE (Groundball, 6MD, EV 100.0 MPH)
Charlie Davison scores
Rodolfo Solis to third
Runner from 3rd tries for Home, SAFE, throw by CF to home
Casey Bass to second
Batting: LHB Andy Dyer 0-0: Called Strike
0-1: Swinging Strike
0-2: Ball
1-2: Strikes out swinging
Bottom of the 5th over - 3 runs, 3 hits, 0 errors, 1 left on base; University of Virginia 0 - University of Georgia 3
TOP OF THE 6TH
University of Virginia Cavaliers batting - Pitching for University of Georgia Bulldogs : RHP Rich Gold
Batting: RHB Jose Velez 0-0: Foul Ball, location: 2F
0-1: Foul Ball, location: 2F
0-2: Ball
1-2: Fly out, F9 (Line Drive, 89M, EV 89.4 MPH)
Pitching: RHP Li-zhu Liu
Batting: RHB Rob Coble 0-0: Ball
1-0: Called Strike
1-1: Ball
2-1: Ball
3-1: Foul Ball, location: 2F
3-2: Ground out 4-3 (Groundball, 4, EV 104.4 MPH)
Batting: RHB Allen McCaskill 0-0: Ball
1-0: SINGLE (Groundball, 6MD, EV 101.2 MPH)
Batting: RHB Luke Bertrand 0-0: Ball
1-0: Fly out, F9 (Flyball, 89S, EV 83.1 MPH)
Top of the 6th over - 0 runs, 1 hit, 0 errors, 1 left on base; University of Virginia 0 - University of Georgia 3
BOTTOM OF THE 6TH
University of Georgia Bulldogs batting - Pitching for University of Virginia Cavaliers : RHP Tommy Koerner
Batting: LHB Luis Mejia 0-0: Foul Ball, location: 2F
0-1: Ball
1-1: Swinging Strike
1-2: Fly out, F8 (Flyball, 8RM, EV 91.2 MPH)
Batting: RHB Albert Rodriguez 0-0: Ball
1-0: Foul Ball, location: 2F
1-1: Ground out 4-3 (Groundball, 4S, EV 89.4 MPH)
Batting: RHB Javier Alcorta 0-0: Ball
1-0: Ball
2-0: Ball
3-0: Called Strike
3-1: Base on Balls
Batting: RHB Nate McCormick 0-0: Called Strike
0-1: Ball
1-1: DOUBLE (Line Drive, 9LS, EV 103.1 MPH)
Javier Alcorta to third
Batting: LHB Dennis Klein 0-0: Ball
1-0: Called Strike
1-1: Ground out 4-3 (Groundball, 4, EV 106.9 MPH)
Bottom of the 6th over - 0 runs, 1 hit, 0 errors, 2 left on base; University of Virginia 0 - University of Georgia 3
TOP OF THE 7TH
University of Virginia Cavaliers batting - Pitching for University of Georgia Bulldogs : RHP Li-zhu Liu
Pitching: LHP Vinny Segarra
Batting: RHB Jason Thresher 0-0: Called Strike
0-1: Fly out, F8 (Flyball, 8LXD, EV 90.0 MPH)
Batting: LHB Ray Nichter 0-0: Ground out U3 (Groundball, 3, EV 102.5 MPH)
Batting: LHB Alex Aguilar 0-0: Called Strike
0-1: Swinging Strike
0-2: Foul Ball, location: 2F
0-2: SINGLE (Flyball, 4MD, EV 81.9 MPH)
Batting: RHB Jason Lambert 0-0: Ball
1-0: Swinging Strike
1-1: Swinging Strike
1-2: Foul Ball, location: 2F
1-2: Strikes out looking
Top of the 7th over - 0 runs, 1 hit, 0 errors, 1 left on base; University of Virginia 0 - University of Georgia 3
BOTTOM OF THE 7TH
University of Georgia Bulldogs batting - Pitching for University of Virginia Cavaliers : RHP Tommy Koerner
Pitching: LHP Justin Frost
Batting: RHB Charlie Davison 0-0: Ball
1-0: Fly out, F5 (Popup, 5F, EV 70.6 MPH)
Batting: RHB Rodolfo Solis 0-0: Ground out 4-3 (Groundball, 4, EV 81.9 MPH)
Batting: LHB Casey Bass 0-0: Foul Ball, location: 2F
0-1: Ball
1-1: Ball
2-1: Ball
3-1: Base on Balls
Batting: LHB Andy Dyer 0-0: Called Strike
0-1: Called Strike
0-2: Strikes out swinging
Bottom of the 7th over - 0 runs, 0 hits, 0 errors, 1 left on base; University of Virginia 0 - University of Georgia 3
TOP OF THE 8TH
University of Virginia Cavaliers batting - Pitching for University of Georgia Bulldogs : LHP Vinny Segarra
Batting: LHB Josh Glass 0-0: Ball
1-0: Called Strike
1-1: Foul Ball, location: 2F
1-2: Foul Ball, location: 2F
1-2: Ball
2-2: Foul Ball, location: 2F
2-2: Fly out, F8 (Line Drive, 8RM, EV 93.1 MPH)
Batting: RHB Jose Velez 0-0: Ball
1-0: Ball
2-0: Ball
3-0: Called Strike
3-1: Base on Balls
Batting: RHB Rob Coble 0-0: Foul Ball, location: 2F
0-1: Called Strike
0-2: Foul Ball, location: 2F
0-2: Ball
1-2: Strikes out looking
Pitching: RHP Tony Fox
Batting: RHB Allen McCaskill 0-0: Called Strike
0-1: Foul Ball, location: 2F
0-2: Strikes out swinging
Top of the 8th over - 0 runs, 0 hits, 0 errors, 1 left on base; University of Virginia 0 - University of Georgia 3
BOTTOM OF THE 8TH
University of Georgia Bulldogs batting - Pitching for University of Virginia Cavaliers : LHP Justin Frost
Batting: LHB Luis Mejia 0-0: Ball
1-0: Foul Ball, location: 2F
1-1: Called Strike
1-2: Foul Ball, location: 2F
1-2: Ball
2-2: Foul Ball, location: 2F
2-2: Foul Ball, location: 2F
2-2: Fly out, F8 (Flyball, 89M, EV 86.2 MPH)
Batting: RHB Albert Rodriguez 0-0: Called Strike
0-1: Ball
1-1: Foul Ball, location: 2F
1-2: Ball
2-2: Ball
3-2: Foul Ball, location: 2F
3-2: Fly out, F8 (Flyball, 89M, EV 75.6 MPH)
Batting: RHB Javier Alcorta 0-0: Called Strike
0-1: Ball
1-1: Swinging Strike
1-2: Ball
2-2: Strikes out swinging
Bottom of the 8th over - 0 runs, 0 hits, 0 errors, 0 left on base; University of Virginia 0 - University of Georgia 3
TOP OF THE 9TH
University of Virginia Cavaliers batting - Pitching for University of Georgia Bulldogs : RHP Tony Fox
Pitching: LHP Bill McIntyre
Batting: RHB Luke Bertrand 0-0: Ball
1-0: Bunt for hit to 2R - play at first, batter OUT! 2-3
Batting: RHB Jason Thresher 0-0: Foul Ball, location: 2F
0-1: Called Strike
0-2: Strikes out swinging
Batting: LHB Ray Nichter 0-0: Called Strike
0-1: Ball
1-1: Ball
2-1: Fly out, F7 (Flyball, 78D, EV 98.1 MPH)
Top of the 9th over - 0 runs, 0 hits, 0 errors, 0 left on base; University of Virginia 0 - University of Georgia 3
Sunday, July 16th , 2023 - OOTP Baseball 24.6 Build 69